 Dungeon Crawl Stone Soup version 0.16-a0-3476-g5f3739d (webtiles) character file.

408 LogicNinja the Sneak (level 6, -8/33 HPs)
             Began as a Vine Stalker Assassin on Jan 3, 2015.
             Killed by divine providence
             ... invoked by an orc priest
              (10 damage)
             ... on level 3 of the Dungeon.
             The game lasted 00:03:56 (2502 turns).

LogicNinja the Sneak (Vine Stalker Assassin)        Turns: 2502, Time: 00:03:56

Health: -8/33      AC:  5    Str: 14    XL:     6   Next: 88%
Magic:  0/8        EV: 11    Int: 11    God:
Gold:   164        SH:  0    Dex: 15    Spells: 0 memorised, 5 levels left

rFire  + . .     SeeInvis .     a - +2 dagger
rCold  . . .     Clarity  .     c - +0 robe
rNeg   . . .     SustAb   .     (no shield)
rPois  .         Gourm    .     l - +0 helmet
rElec  .         Spirit   +     d - +0 cloak
rCorr  .         Warding  .     A - +0 pair of gloves
rMut   .         Stasis   .     (no boots)
MR     .....                    (no amulet)
Stlth  ++++......               (no ring)
                                q - -2 ring of dexterity (curse)

@: not resistant to hostile enchantments, stealthy
A: fangs 2, fire resistance 1, regeneration 2, robust 1, evolution 1, magic
shield, antimagic bite, no device heal 3, rot immunity
a: no special abilities


You were on level 3 of the Dungeon.
You were not hungry.

You visited 1 branch of the dungeon, and saw 4 of its levels.

You collected 164 gold pieces.

Inventory:

Hand weapons
 a - a +2 dagger (weapon)
 b - a +0 blowgun
Missiles
 e - 8 poisoned needles
 f - 2 curare-tipped needles
Armour
 c - a +0 robe (worn)
 d - a +0 cloak (worn)
 l - a +0 helmet (worn)
 A - a +0 pair of gloves (worn)
Jewellery
 q - a cursed -2 ring of dexterity (left hand)
Scrolls
 j - 2 scrolls of amnesia {unknown}
 k - 3 scrolls of identify {unknown}
 m - a scroll of random uselessness {unknown}
 o - a scroll of teleportation {unknown}
 p - a scroll of enchant armour {unknown}
 t - a scroll of immolation {unknown}
 w - 2 scrolls of fog {unknown}
 x - a scroll of noise {unknown}
 y - a scroll of enchant weapon {unknown}
Comestibles
 g - 2 bread rations
 h - a beef jerky
 n - 2 meat rations


   Skills:
 - Level 1.7 Fighting
 * Level 5.3 Short Blades
 - Level 1.7 Throwing
 - Level 0.7 Dodging
 + Level 7.0 Stealth


You had 5 spell levels left.
You didn't know any spells.

Dungeon Overview and Level Annotations

Branches:
Dungeon (4/15)
 Temple: D:4-7

Altars:
Ru


Innate Abilities, Weirdness & Mutations

You have extremely sharp teeth.
You heal very quickly.
When hurt, damage is shared between your health and your magic reserves.
Your bite disrupts and absorbs the magic of your enemies.
Potions and wands cannot restore your health.
You are immune to rotting.
Your flesh is heat resistant.
You are robust (+10% HP).
You evolve.


Message History

Your bite misses the orc priest.
The orc priest is severely wounded.
The bat barely misses you. The orc priest barely misses you.
You hit the orc priest but do no damage.
You bite the orc priest. You drain its power.
You feel invigorated.
The orc priest is severely wounded.
The bat misses you.
The orc priest invokes the aid of Beogh against you.
Pain shoots through your body!
* * * LOW HITPOINT WARNING * * *
You hit the orc priest but do no damage.
Your bite misses the orc priest.
The orc priest is severely wounded.
The bat closely misses you.
You hit the orc priest but do no damage.
The orc priest is severely wounded.
The bat barely misses you.
The orc priest mumbles some strange prayers to Beogh against you.
Something smites you!
You die...

######## #......#
#....#.###########
#................#
#........####....###
#..@o..#≈#≈≈≈##.....
#..b...#≈≈≈≈≈≈#..###
#.....##≈≈#≈#≈##.#
#.....#≈≈≈≈≈≈≈≈≈.###
#.>...≈≈#≈≈≈≈≈≈#....
#.....≈#≈≈≈≈#≈##....
#......#≈≈#≈≈≈≈.....
#####..≈##≈≈###.....
#....#≈##.......


You could see an orc priest and a bat.

Vanquished Creatures
  A sky beast (D:4)
  A scorpion (D:4)
  A hound (D:4)
  An orc wizard (D:4)
  A worker ant (D:4)
  Ijyb (D:4)
  Jessica (D:2)
  6 adders
  3 giant mites
  A worm (D:4)
  An ooze (D:3)
  7 orcs (D:4)
  A ball python (D:2)
  7 goblins
  5 hobgoblins
  7 kobolds
  2 quokkas (D:2)
  6 bats
  2 giant cockroaches
  A giant gecko (D:4)
  4 giant newts
  2 jackals (D:3)
  6 rats
68 creatures vanquished.

Notes
Turn   | Place    | Note
--------------------------------------------------------------
     0 | D:1      | LogicNinja, the Vine Stalker Assassin, began the quest for the Orb.
     0 | D:1      | Reached XP level 1. HP: 11/11 MP: 1/1
   195 | D:1      | Reached skill level 5 in Stealth
   195 | D:1      | Reached XP level 2. HP: 8/15 MP: 3/3
   683 | D:1      | Reached XP level 3. HP: 18/18 MP: 4/4
   859 | D:2      | Noticed Jessica
   871 | D:2      | Killed Jessica
   931 | D:2      | Reached XP level 4. HP: 23/23 MP: 5/5
  1719 | D:4      | Found a sacrificial altar of Ru.
  1744 | D:4      | Reached skill level 6 in Stealth
  1744 | D:4      | Reached XP level 5. HP: 4/26 MP: 4/7
  2223 | D:4      | Gained mutation: You heal very quickly. [vine stalker growth]
  2223 | D:4      | Reached XP level 6. HP: 24/30 MP: 6/8
  2260 | D:4      | Noticed Ijyb
  2265 | D:4      | Killed Ijyb
  2281 | D:4      | Noticed a sky beast
  2286 | D:4      | Killed a sky beast
  2286 | D:4      | Reached skill level 5 in Short Blades
  2290 | D:4      | Gained mutation: You are clumsy. (Dex -2) [mutagenic meat]
  2291 | D:4      | Lost mutation: You are clumsy. (Dex -2) [potion of cure mutation]
  2294 | D:4      | Gained mutation: You are robust (+10% HP). [potion of mutation]
  2294 | D:4      | Gained mutation: You evolve. [potion of mutation]
  2294 | D:4      | Gained mutation: Your flesh is heat resistant. [potion of mutation]
  2332 | D:4      | Reached skill level 7 in Stealth
  2500 | D:3      | HP: 1/33 [orc priest/nerve-wracking pain (9)]
  2502 | D:3      | Killed from afar by an orc priest

Action                   |  1- 3 |  4- 6 || total
-------------------------+-------+-------++-------
Melee: Dagger            |    54 |   195 ||   249
  Use: Potion            |       |     5 ||     5
 Stab: Sleeping          |     7 |     9 ||    16
  Eat: Chunk             |       |     6 ||     6
